 Dungeon Crawl Stone Soup version 0.24-a0-290-gbb66a672fa (webtiles) character file.

Game seed: 7023827415862596563

2513 Redear the Skirmisher (level 9, -8/79 HPs)
             Began as a Demonspawn Chaos Knight on May 8, 2019.
             Was a Plaything of Xom.
             Mangled by Pikel
             ... wielding a +2 whip of electrocution
              (17 damage)
             ... on level 7 of the Dungeon.
             The game lasted 00:20:23 (8315 turns).

Redear the Skirmisher (Demonspawn Chaos Knight)     Turns: 8315, Time: 00:20:24

Health: -8/79      AC: 13    Str: 22    XL:     9   Next: 29%
Magic:  9/9        EV:  9    Int: 14    God:    Xom [.....*]
Gold:   356        SH:  6    Dex: 16    Spells: 8/8 levels left

rFire    . . .     SeeInvis .   h - +7 battleaxe "Poosmunt" {chop, Str+4}
rCold    . . .     Gourm    .   (shield currently unavailable)
rNeg     . . .     Faith    .   B - +0 plate armour (curse)
rPois    .         Spirit   .   d - +1 hat
rElec    .         Reflect  +   (no cloak)
rCorr    .         Harm     .   (no gloves)
MR       .....     Rnd*Rage +   (no boots)
Stlth    ..........             g - +2 amulet of reflection
HPRegen  0.23/turn              (no ring)
MPRegen  0.11/turn              (no ring)

@: about to teleport
A: horns 1, talons 1, large bone plates 1, agile 2, berserk 1, deterioration 1,
foul stench 1, robust 1, strong 1, wild magic 1, rot immunity
a: Renounce Religion


You were on level 7 of the Dungeon.
You worshipped Xom.
You were Xom's teddy bear.
You were not hungry.

You visited 1 branch of the dungeon, and saw 7 of its levels.

You collected 356 gold pieces.

Inventory:

Hand Weapons
 a - a +0 hand axe of chaos
 h - the +7 battleaxe "Poosmunt" (weapon) {chop, Str+4}
   (Xom gifted it to you on level 6 of the Dungeon)

   It inflicts extra damage upon your enemies.
   It affects your strength (+4).
 l - a +3 dagger
Armour
 b - a +2 leather armour
 d - a +1 hat (worn)
 i - a +1 helmet of see invisible
 r - a +0 helmet
 B - a cursed +0 plate armour (worn)
 C - a +0 cloak
Jewellery
 f - an uncursed ring of protection from fire {rF+}
 g - a +2 amulet of reflection (around neck)
 A - a +3 amulet of reflection
Wands
 s - a wand of polymorph (4)
 x - a wand of random effects (17)
 V - a wand of flame (21)
Scrolls
 k - a scroll of noise {unknown}
 n - 3 scrolls of immolation {unknown}
 o - 3 scrolls of enchant weapon
 q - 2 scrolls of fear {unknown}
 u - 3 scrolls of magic mapping {unknown}
 y - a scroll of amnesia {unknown}
 N - 5 scrolls of remove curse {@r2}
 R - 2 scrolls of identify {@r1}
 T - a scroll of teleportation
Potions
 c - a potion of flight {unknown}
 e - a potion of resistance {rF+ rC+ rPois rElec rCorr}
 j - 2 potions of degeneration {!q}
 m - 3 potions of heal wounds {unknown}
 p - a potion of brilliance {unknown}
 t - 3 potions of might {Str+5 DMG+1d10 | @q3}
 v - 2 potions of berserk rage
 w - a potion of agility {unknown}
 H - a potion of haste {@q5}
 Q - 5 potions of curing {@q2}
Comestibles
 z - 12 rations
 D - 2 chunks of flesh


   Skills:
 + Level 7.0 Fighting
 + Level 6.3 Axes
 + Level 6.0 Armour
 + Level 5.7 Dodging


You had 8 spell levels left.
You didn't know any spells.
Your spell library was empty.

Dungeon Overview and Level Annotations

Branches:
Dungeon (7/15)             Temple (0/1) D:6

Altars:
Ashenzari
Dithmenos
Gozag
Makhleb
Nemelex Xobeh
Qazlal
Ru
Trog
Xom
Zin
The Shining One

Annotations:
D:7 Pikel


Innate Abilities, Weirdness & Mutations

You have sharp toenails.
You are partially covered in large bone plates. (SH +4)
You may emit foul miasma when damaged in melee.
You are immune to rotting.
You have a pair of small horns on your head.
You are very agile. (Dex +4)
You tend to lose your temper in combat.
Your body sometimes deteriorates upon taking damage.
You are robust. (+10% HP)
Your muscles are strong. (Str +2)
Your spells are a little harder to cast, but a little more powerful.


Message History

You see here a sky beast corpse.
Unknown command.
Okay, then.
Unknown command.
Unknown command.
Unknown command.
Unknown command.
Unknown command.
Okay, then.
Unknown command.
Unknown command.
Unknown command.
Unknown command.
As you read the scroll of teleportation, it crumbles to dust.
You feel strangely unstable.
Pikel hits you with a +2 whip of electrocution!
* * * LOW HITPOINT WARNING * * *
You are electrocuted!
You die...
Xom chortles!

#### #.####......)<#.>....
..###.........#....>.
##.###..........###.... #
#......#........###.##.
#.######.######............##.
#....#...## #........#.#....
....?..._.## #..##..###.###..
..........p####.###.##..># #.#
......<._.pDK@..##.รท##.###
#.# ........_.Hp######.###.#
#.# ..........### #.# #.# #.#
.....#...## #.# #.# #.#
.......### #.# #.# #.# .......
..########.# #.# #.# .......
#.......##.###.# #.# #...#.(
#######...(....# #.#
##..###### #.#


You could see a seven-headed hydra, a hippogriff, Pikel (berserk) and 3 slaves.

Vanquished Creatures
  Menkaure (D:7)
  3 orc warriors
  An ice beast (D:7)
  2 sky beasts
  A slave (D:7)
  A necrophage (D:6)
  2 centaurs (D:5)
  2 ogres
  2 bullfrogs (D:7)
  3 scorpions
  A crimson imp (D:7)
  2 jellies
  4 orc wizards
  4 orc priests
  A bullfrog skeleton (D:4)
  3 hounds
  Natasha (thrice) (D:3)
  5 worker ants
  Robin (D:2)
  4 gnolls (D:7)
  11 adders
  2 shadow imps
  2 adder zombies (D:7)
  7 worms
  4 dart slugs (D:1)
  6 leopard geckos
  21 orcs
  4 ball pythons
  11 bats
  10 giant cockroaches
  13 goblins
  10 hobgoblins
  An iguana (D:2)
  7 jackals
  2 quokkas
  A ball python zombie (D:5)
  8 frilled lizards
  6 kobolds
  A leopard gecko skeleton (D:5)
  6 rats
179 creatures vanquished.

Vanquished Creatures (collateral kills)
  A swamp drake (D:4)
  A phantom (D:5)
  A boggart (D:4)
3 creatures vanquished.

Vanquished Creatures (others)
  A jelly (D:5)
  An orc priest (D:5)
2 creatures vanquished.

Grand Total: 184 creatures vanquished

Notes
Turn   | Place    | Note
-------+----------+-------------------------------------------
     0 | D:1      | Redear the Demonspawn Chaos Knight began the quest for the
                  | Orb.
     0 | D:1      | Reached XP level 1. HP: 18/18 MP: 1/1
    50 | D:1      | Reached skill level 1 in Dodging
    93 | D:1      | Reached skill level 2 in Armour
    95 | D:1      | Gained mutation: You are immune to rotting. [demonic
                  | ancestry]
    95 | D:1      | Reached XP level 2. HP: 11/24 MP: 2/2
   569 | D:1      | Reached skill level 3 in Axes
   573 | D:1      | Reached XP level 3. HP: 29/29 MP: 3/3
   611 | D:1      | XOM: harmless Conj miscast
   917 | D:2      | XOM: stealth player
   924 | D:2      | XOM: potion effect (haste)
  1028 | D:2      | Reached XP level 4. HP: 23/36 MP: 4/4
  1125 | D:2      | Reached skill level 2 in Dodging
  1295 | D:2      | Found a shimmering altar of Xom.
  1302 | D:2      | Noticed Robin
  1312 | D:2      | XOM: blink monster(s)
  1327 | D:2      | XOM: harmless Fire miscast
  1330 | D:2      | XOM: blink monster(s)
  1336 | D:2      | XOM: harmless Ice miscast
  1342 | D:2      | XOM: mild Conj miscast
  1342 | D:2      | HP: 3/37 [goblin/+0 club[Robin] (2)]
  1344 | D:2      | XOM: 1-stop teleportation journey
  1674 | D:2      | Found a burning altar of Makhleb.
  1679 | D:2      | XOM: divination: detect items
  1751 | D:2      | Gained mutation: You may emit foul miasma when damaged in
                  | melee. [demonic ancestry]
  1751 | D:2      | Reached XP level 5. HP: 21/42 MP: 5/5
  1907 | D:2      | Found an opulent altar of Gozag.
  1908 | D:2      | Found a glowing silver altar of Zin.
  1917 | D:2      | Reached skill level 4 in Fighting
  1984 | D:2      | Reached skill level 3 in Armour
  1994 | D:2      | XOM: harmless Fire miscast
  2079 | D:3      | XOM: god gift: twisted diamond amulet {god gift}
  2444 | D:3      | Noticed Natasha
  2448 | D:3      | XOM: harmless Conj miscast
  2451 | D:3      | Killed Natasha
  2513 | D:3      | Noticed Natasha
  2514 | D:3      | XOM: smoke on damage
  2528 | D:3      | Killed Natasha
  2600 | D:3      | Noticed Natasha
  2608 | D:3      | Killed Natasha
  2608 | D:3      | Gained mutation: You have sharp toenails. [demonic
                  | ancestry]
  2608 | D:3      | Reached XP level 6. HP: 36/48 MP: 6/6
  2903 | D:4      | Noticed an air elemental
  3008 | D:2      | XOM: harmless Summ miscast
  3023 | D:2      | XOM: enchant monster (bad)
  3029 | D:2      | Killed Robin
  3075 | D:2      | XOM: stat loss: -1 Int (12/13)
  3202 | D:2      | Found a glowing golden altar of the Shining One.
  3301 | D:2      | Found a shattered altar of Ashenzari.
  3371 | D:2      | XOM: give mutations
  3371 | D:2      | Gained mutation: You tend to lose your temper in combat.
                  | [Xom's mischief]
  3371 | D:2      | Gained mutation: You are frail. (-10% HP) [Xom's mischief]
  3371 | D:2      | Lost mutation: You are frail. (-10% HP) [Xom's mischief]
  3371 | D:2      | Gained mutation: Your body sometimes deteriorates upon
                  | taking damage. [Xom's mischief]
  3524 | D:4      | XOM: repel stairs
  3529 | D:4      | XOM: noise
  3538 | D:4      | Noticed Ijyb
  3540 | D:4      | Noticed Ijyb
  3540 | D:4      | Ijyb changed into Ijyb the boggart
  3540 | D:4      | XOM: polymorph Ijyb -> Ijyb the boggart
  3541 | D:4      | Reached skill level 4 in Axes
  3541 | D:4      | Reached skill level 3 in Dodging
  3544 | D:4      | XOM: summons friendly quasit
  3549 | D:4      | Killed Ijyb the boggart
  3554 | D:4      | Noticed a swamp drake
  3554 | D:4      | a worker ant changed into a swamp drake
  3570 | D:4      | Killed a swamp drake
  3619 | D:4      | Gained mutation: You are partially covered in large bone
                  | plates. (SH +4) [demonic ancestry]
  3619 | D:4      | Reached XP level 7. HP: 22/55 MP: 7/7
  3780 | D:3      | XOM: scenery: create altars
  3822 | D:4      | XOM: fog
  3991 | D:4      | XOM: mild Tloc miscast
  4080 | D:4      | Reached skill level 4 in Armour
  4121 | D:4      | Reached skill level 5 in Fighting
  4152 | D:4      | XOM: butterfly on damage
  4175 | D:4      | XOM: harmless Erth miscast
  4192 | D:4      | XOM: fake destruction
  4396 | D:4      | XOM: god gift: runed helmet {god gift}
  4470 | D:4      | XOM: 2-stop teleportation journey
  4489 | D:4      | Found a sparkling altar of Nemelex Xobeh.
  4517 | D:4      | Found a stormy altar of Qazlal.
  4520 | D:4      | Noticed a water elemental
  4522 | D:4      | Noticed a fire elemental
  4531 | D:4      | XOM: give mutations
  4531 | D:4      | Gained mutation: Scrolls take you a little longer to read.
                  | [Xom's mischief]
  4531 | D:4      | Lost mutation: Scrolls take you a little longer to read.
                  | [Xom's mischief]
  4537 | D:4      | XOM: confusion (+ monsters)
  4622 | D:4      | XOM: scenery: create altars
  4944 | D:5      | Entered Level 5 of the Dungeon
  4958 | D:4      | Reached skill level 4 in Dodging
  5030 | D:5      | XOM: divine lightning
  5147 | D:5      | Reached XP level 8. HP: 25/63 MP: 8/8
  5271 | D:5      | XOM: give mutations
  5271 | D:5      | Gained mutation: You are robust. (+10% HP) [Xom's grace]
  5271 | D:5      | Gained mutation: You are agile. (Dex +2) [Xom's grace]
  5271 | D:5      | Gained mutation: You are very agile. (Dex +4) [Xom's grace]
  5271 | D:5      | Gained mutation: You have a pair of small horns on your
                  | head. [Xom's grace]
  5276 | D:5      | XOM: mild Air miscast
  5277 | D:5      | Found a bloodstained altar of Trog.
  5287 | D:5      | XOM: noise
  5310 | D:5      | Found a sacrificial altar of Ru.
  5311 | D:5      | XOM: harmless Fire miscast
  5335 | D:5      | XOM: mild Conj miscast
  5424 | D:5      | Reached skill level 5 in Axes
  5474 | D:5      | XOM: noise
  5477 | D:5      | XOM: confuse monster(s)
  5529 | D:5      | XOM: 7-stop teleportation journey
  5543 | D:5      | XOM: summons 2 friendly demons
  6298 | D:6      | Reached skill level 5 in Armour
  6546 | D:6      | XOM: confuse monster(s)
  6547 | D:6      | XOM: divination: detect creatures
  6557 | D:6      | Reached skill level 6 in Fighting
  6568 | D:6      | XOM: noise
  6826 | D:6      | XOM: god gift: crude battleaxe {god gift}
  6947 | D:6      | Got a crude battleaxe {god gift}
  6948 | D:6      | Identified the +7 battleaxe "Poosmunt" {chop, Str+4} (Xom
                  | gifted it to you on level 6 of the Dungeon)
  6978 | D:6      | XOM: mild Summ miscast
  7009 | D:6      | Found a staircase to the Ecumenical Temple.
  7105 | D:6      | XOM: cloud trail
  7153 | D:6      | Found a shadowy altar of Dithmenos.
  7236 | D:6      | XOM: give mutations
  7236 | D:6      | Gained mutation: Your muscles are strong. (Str +2) [Xom's
                  | grace]
  7236 | D:6      | Gained mutation: Your spells are a little harder to cast,
                  | but a little more powerful. [Xom's grace]
  7862 | D:7      | Reached skill level 5 in Dodging
  7867 | D:7      | Noticed Menkaure
  8044 | D:7      | XOM: cast spell 'Alistair's Intoxication'
  8046 | D:7      | Reached skill level 6 in Axes
  8046 | D:7      | Reached XP level 9. HP: 60/78 MP: 9/9
  8175 | D:7      | XOM: scenery: create altars
  8176 | D:7      | Killed Menkaure
  8296 | D:7      | XOM: cast spell 'Shadow Creatures'
  8298 | D:7      | XOM: fake destruction
  8300 | D:7      | Reached skill level 7 in Fighting
  8300 | D:7      | Reached skill level 6 in Armour
  8301 | D:7      | Noticed Pikel
  8301 | D:7      | Noticed a four-headed hydra
  8314 | D:7      | XOM: scenery: create altars
  8315 | D:7      | Mangled by Pikel

Levels and vault maps discovered:
D:1:      matt_arrival_los_fun, layout_loops_ring, minmay_tetromino_s4
D:2:      layout_rooms, grunt_temple_overflow_gold_and_silver,
          makhleb_heckhound_becter, lemuel_coloured_pillars_altar,
          nicolae_tso_carved_into_rock, dk_xom_monty_hall, uniq_robin
D:3:      layout_rooms, first_ration, uniq_natasha
D:4:      kb_forest_paths, layout_basic, kennysheep_mini_moat,
          nicolae_qazlal_style_of_elements, uniq_ijyb
D:5:      layout_cave_pods, nicolae_ru_great_annihilating_truth, basic_altar,
          minmay_misc_feat_hallway, hangedman_glass_garden, solitary_fountain,
          dk_noncrumbling_4
D:6:      layout_layer_cave, nicolae_dithmenos_the_darkroom, temple_green
D:7:      layout_rooms, regret_index_temple_of_mockery,
          okawaru_ov_weapons_minmay, uniq_menkaure, uniq_pikel

Skill      XL: |  1  2  3  4  5  6  7  8  9 |
---------------+----------------------------+-----
Dodging        | 1 2 3 4 5 |  5.7
Armour         | 2 3 4 5 6 |  6.0
Axes           | 3 4 6 |  6.3
Fighting       | 4 5 6 7 |  7.0

Action                   |  1- 3 |  4- 6 |  7- 9 || total
-------------------------+-------+-------+-------++-------
Melee: Hand axe          |    71 |    17 |    21 ||   109
       Dagger            |    42 |   243 |   218 ||   503
       Kick              |       |    26 |    90 ||   116
       Headbutt          |       |       |    32 ||    32
       Battleaxe         |       |       |    48 ||    48
  Use: Potion            |     2 |       |     4 ||     6
       Scroll            |       |       |     8 ||     8
 Stab: Paralysed         |     1 |       |     1 ||     2
       Sleeping          |     1 |       |     2 ||     3
       Distracted        |       |     1 |       ||     1
       Petrified         |       |       |     1 ||     1
       Confused          |       |       |     1 ||     1
  Eat: Chunk             |       |     9 |     8 ||    17
       Ration            |       |       |     2 ||     2
Armor: Leather armour    |    53 |    95 |    34 ||   182
       Plate armour      |       |       |    68 ||    68
Dodge: Dodged            |    92 |   185 |   131 ||   408
Block: Other             |       |       |    52 ||    52
       Reflection        |       |       |     6 ||     6

Table legend:
 A = Non-vault XP
 B = Vault XP
 C = Vault XP percentage of total XP
 D = Non-vault monster count
 E = Vault monster count
 F = Vault count percentage of total count
                 A         B        C        D         E       F
            +---------+---------+-------+---------+---------+-------
      Total |    2946 |     644 |  17.9 |     157 |      25 |  13.7
            +---------+---------+-------+---------+---------+-------
        D:1 |      61 |       0 |   0.0 |      28 |       0 |   0.0
        D:2 |     130 |     119 |  47.8 |      29 |      14 |  32.6
        D:3 |     110 |      35 |  24.1 |      19 |       1 |   5.0
        D:4 |     515 |     304 |  37.1 |      24 |       5 |  17.2
        D:5 |     471 |      17 |   3.5 |      13 |       4 |  23.5
        D:6 |     617 |       0 |   0.0 |      19 |       0 |   0.0
        D:7 |    1042 |     169 |  14.0 |      25 |       1 |   3.8
            +---------+---------+-------+---------+---------+-------
